Map: Odyssey LE

Players

A.I. 1 (Elite) - Winner!

  • Race: Protoss Protoss
  • Spawn Location: 11:00

A.I. 2 (Elite)

  • Race: Terran Terran
  • Spawn Location: 5:00

VOD

Have the link to the VOD?

Description

Time

  • Played on: Aug. 23, 2017, 6:20 p.m.
  • Length: 13:04
Show
View Real Time Build Order
Export as new Build Order

A.I. 1 (Elite) Protoss - Winner!

Build Orders:  

Get SALT Encoding   

  12  0:03  Probe (Chrono Boost)  
  14  0:15  Probe (Chrono Boost)  
  14  0:19  Pylon  
  14  0:27  Probe (Chrono Boost)  
  15  0:39  Probe (Chrono Boost)  
  15  0:40  Gateway  
  16  0:49  Assimilator  
  17  0:51  Probe (Chrono Boost)  
  17  1:02  Pylon  
  17  1:03  Probe (Chrono Boost)  
  18  1:15  Probe (Chrono Boost)  
  19  1:27  Probe (Chrono Boost)  
  19  1:30  Zealot  
  22  1:32  Cybernetics Core  
  22  1:39  Probe (Chrono Boost)  
  23  1:51  Probe (Chrono Boost)  
  24  2:02  Nexus  
  24  2:04  Probe (Chrono Boost)  
  25  2:09  Warp Gate  
  26  2:16  Probe (Chrono Boost)  
  26  2:21  Stalker  
  28  2:28  Probe (Chrono Boost)  
  29  2:32  Pylon  
  29  2:40  Probe (Chrono Boost)  
  30  2:45  Gateway  
  30  2:48  Assimilator  
  31  2:52  Probe (Chrono Boost)  
  31  2:55  Adept  
  33  3:04  Probe (Chrono Boost)  
  34  3:07  Pylon  
  34  3:16  Probe x2 (Chrono Boost)  
  36  3:22  Adept  
  40  3:28  Probe x2 (Chrono Boost)  
  40  3:31  Stargate  
  40  3:39  Adept  
  40  3:40  Probe x2 (Chrono Boost)  
  44  3:49  Adept  
  44  3:52  Probe x2 (Chrono Boost)  
  48  4:04  Probe (Chrono Boost)  
  48  4:05  Probe (Chrono Boost)  
  48  4:07  Stargate  
  50  4:16  Probe (Chrono Boost)  
  50  4:17  Probe (Chrono Boost)  
  52  4:18  Void Ray  
  52  4:21  Zealot  
  58  4:29  Probe (Chrono Boost)  
  58  4:30  Pylon, Probe (Chrono Boost)  
  60  4:32  Zealot  
  60  4:37  Pylon  
  62  4:50  Void Ray  
  66  4:57  Probe (Chrono Boost)  
  66  4:58  Probe (Chrono Boost)  
  68  5:01  Pylon  
  68  5:09  Probe (Chrono Boost)  
  68  5:10  Probe (Chrono Boost)  
  68  5:11  Void Ray  
  74  5:16  Adept  
  74  5:17  Pylon  
  74  5:21  Adept  
  78  5:24  Probe (Chrono Boost)  
  78  5:27  Assimilator  
  79  5:29  Assimilator  
  79  5:37  Stalker  
  79  5:41  Stalker  
  83  5:52  Probe x2 (Chrono Boost)  
  83  5:53  Pylon  
  85  6:00  Stalker  
  85  6:03  Forge  
  89  6:04  Sentry, Probe (Chrono Boost)  
  89  6:05  Probe (Chrono Boost)  
  89  6:09  Forge  
  91  6:15  Void Ray  
  91  6:16  Probe (Chrono Boost)  
  91  6:17  Nexus, Pylon  
  96  6:27  Robotics Facility  
  96  6:38  Protoss Ground Weapons Level 1  
  96  6:44  Protoss Ground Armor Level 1  
  96  6:47  Gateway  
  96  6:49  Stalker  
  96  6:50  Pylon  
  96  6:53  Stalker  
  100  7:10  Photon Cannon  
  100  7:12  Stalker  
  100  7:14  Pylon  
  100  7:15  Observer  
  103  7:17  Sentry  
  105  7:32  Probe x2 (Chrono Boost)  
  105  7:33  Void Ray, Probe (Chrono Boost)  
  105  7:35  Stalker  
  114  7:43  Assimilator  
  117  7:44  Probe (Chrono Boost)  
  117  7:45  Pylon, Probe x2 (Chrono Boost)  
  117  7:46  Photon Cannon  
  117  7:47  Void Ray  
  117  7:48  Photon Cannon  
  117  7:51  Assimilator  
  121  7:56  Probe (Chrono Boost)  
  121  7:57  Probe (Chrono Boost)  
  124  7:58  Probe (Chrono Boost)  
  124  8:05  Photon Cannon  
  124  8:08  Probe (Chrono Boost)  
  124  8:09  Probe (Chrono Boost)  
  124  8:10  Pylon, Probe (Chrono Boost)  
  127  8:15  Twilight Council  
  127  8:16  Phoenix  
  131  8:20  Probe (Chrono Boost)  
  131  8:21  Probe (Chrono Boost)  
  131  8:23  Probe (Chrono Boost)  
  132  8:30  Phoenix  
  132  8:31  Photon Cannon  
  132  8:33  Probe x2 (Chrono Boost)  
  137  8:34  Photon Cannon  
  137  8:35  Probe (Chrono Boost)  
  137  8:36  Stalker  
  137  8:37  Stargate  
  139  8:42  Pylon  
  139  8:46  Protoss Shields Level 1  
  139  8:47  Zealot x2  
  143  8:54  Blink, Probe (Chrono Boost)  
  139  8:59  Zealot  
  139  9:03  Protoss Ground Weapons Level 2  
  139  9:07  Stalker  
  139  9:08  Zealot  
  143  9:13  Protoss Air Weapons Level 1  
  143  9:15  Photon Cannon  
  143  9:18  Photon Cannon  
  143  9:20  Zealot  
  143  9:22  Pylon  
  145  9:24  Nexus  
  145  9:28  Stalker  
  145  9:30  Stalker  
  149  9:36  Void Ray  
  153  9:44  Void Ray  
  157  9:47  Oracle  
  157  9:48  Pylon  
  160  9:56  Observer  
  160  9:58  Photon Cannon  
  161  10:11  Pylon  
  161  10:14  Gateway  
  161  10:17  Zealot, Warp Prism  
  161  10:18  Robotics Facility  
  161  10:19  Oracle  
  168  10:21  Zealot  
  168  10:23  Zealot  
  168  10:34  Photon Cannon  
  168  10:36  Pylon  
  162  10:46  Pylon  
  160  10:50  Forge, Nexus  
  160  10:53  Observer  
  160  10:55  Resonating Glaives, Fleet Beacon  
  161  11:05  Warp Prism  
  161  11:08  Photon Cannon  
  163  11:14  Pylon  
  163  11:20  Gateway  
  163  11:30  Stalker  
  165  11:38  Photon Cannon  
  165  11:40  Stalker, Tempest  
  165  11:46  Tempest  
  179  11:49  Robotics Facility  
  179  11:52  Tempest  
  185  12:03  Assimilator  
  185  12:10  Pylon  
  185  12:12  Sentry  
  187  12:16  Sentry, Gateway  
  187  12:18  Assimilator, Nexus  
  187  12:20  Assimilator  
  195  12:30  Photon Cannon  
  195  12:35  Pylon  
  195  12:38  Robotics Bay  
  199  12:46  Photon Cannon  
  199  12:52  Photon Cannon  
  199  12:56  Photon Cannon  
  199  12:58  Photon Cannon  
  199  13:02  Stargate  
Show
View Real Time Build Order
Export as new Build Order

A.I. 2 (Elite) Terran 

Build Orders: Mech 

Get SALT Encoding   

  12  0:00  SCV  
  13  0:13  SCV  
  14  0:19  Supply Depot  
  14  0:25  SCV  
  15  0:40  SCV  
  16  0:45  Barracks  
  16  0:53  SCV  
  17  1:05  SCV  
  18  1:17  SCV  
  19  1:19  Supply Depot  
  19  1:23  Refinery  
  19  1:29  SCV  
  19  1:32  Marine  
  21  1:41  SCV  
  22  1:49  Refinery  
  22  1:50  Marine  
  22  1:53  SCV  
  24  2:05  SCV  
  24  2:08  Marine  
  26  2:17  SCV  
  26  2:20  Factory  
  27  2:26  Marine  
  27  2:29  SCV  
  29  2:41  SCV, Factory  
  29  2:44  Marine  
  31  2:45  Supply Depot  
  31  2:54  Orbital Command  
  31  3:06  Factory Tech Lab  
  31  3:07  Marine  
  32  3:19  SCV  
  33  3:23  Command Center  
  33  3:24  Marine  
  33  3:25  Factory Tech Lab  
  34  3:31  SCV  
  35  3:43  SCV  
  36  3:55  SCV  
  36  4:05  Barracks  
  36  4:07  SCV  
  37  4:17  Supply Depot  
  37  4:20  SCV  
  38  4:32  SCV  
  38  4:35  Siege Tank x2, SCV  
  46  4:41  Supply Depot  
  46  4:42  Marine  
  46  4:44  SCV  
  48  4:47  SCV  
  49  4:53  Supply Depot  
  49  4:56  SCV  
  49  4:59  SCV  
  51  5:03  Barracks Tech Lab  
  51  5:07  Siege Tank, Hellion  
  51  5:08  SCV  
  51  5:11  SCV  
  58  5:20  SCV, Infernal Pre-Igniter  
  59  5:21  Factory  
  59  5:26  Marauder  
  61  5:29  Siege Tank  
  61  5:33  Command Center  
  64  5:40  Hellion  
  66  5:53  Marauder  
  68  6:01  Supply Depot, Hellion  
  68  6:03  Hellion  
  72  6:14  Marauder  
  72  6:15  Armory  
  74  6:26  Supply Depot  
  74  6:35  Marauder  
  76  6:46  SCV x2  
  77  6:47  SCV  
  78  6:54  Refinery  
  78  6:57  Marauder  
  78  6:58  SCV  
  78  6:59  SCV  
  82  7:03  Terran Vehicle Weapons Level 1  
  82  7:04  Refinery  
  82  7:08  Engineering Bay  
  82  7:17  SCV  
  82  7:18  Marauder  
  82  7:20  Engineering Bay  
  85  7:26  SCV  
  85  7:27  SCV  
  85  7:29  SCV  
  87  7:34  Terran Infantry Armor Level 1  
  87  7:38  Starport, SCV  
  87  7:39  Marauder  
  90  7:46  Terran Infantry Weapons Level 1  
  90  7:49  Supply Depot  
  90  7:58  Armory  
  90  8:01  Hellion, Marauder  
  94  8:06  Stimpack  
  94  8:13  Hellion  
  94  8:14  Viking  
  94  8:15  Supply Depot  
  98  8:22  Marauder  
  100  8:40  Marine  
  101  8:44  Viking, Marauder  
  101  8:45  Command Center  
  105  8:48  Terran Vehicle And Ship Armor Level 1  
  105  8:54  Supply Depot  
  92  8:55  Hellion  
  92  8:58  Marine  
  76  9:04  Marine, Siege Tank  
  70  9:14  Viking  
  70  9:15  Marine  
  70  9:16  Siege Tank, Hellion  
  78  9:23  Marauder  
  80  9:33  Marine  
  80  9:36  Siege Tank  
  83  9:44  Viking, Marauder  
  87  9:48  Siege Tank  
  87  9:51  Marine  
  91  9:58  SCV  
  92  10:05  SCV  
  92  10:06  Marauder  
  96  10:07  SCV  
  96  10:09  Marine, SCV  
  96  10:12  SCV, Refinery  
  96  10:13  Viking  
  101  10:17  SCV  
  101  10:19  SCV  
  93  10:24  SCV, Hellion  
  93  10:27  Marine, Marauder  
  76  10:31  Hellion  
  76  10:32  SCV  
  76  10:34  SCV  
  80  10:37  SCV  
  80  10:38  SCV  
  75  10:44  Marine, Starport Tech Lab  
  75  10:45  SCV  
  75  10:46  Siege Tank  
  75  10:48  Marauder  
  68  11:02  Marine  
  68  11:03  Viking  
  26  11:39  Command Center  
  22  11:50  Barracks  
  21  12:00  SCV  
  22  12:10  Supply Depot  
  22  12:16  Supply Depot  
Tags
 
Composition
Mech
Matchup
PvT
Spawn Locations
Cross Positions
Add a new tag
Caveats
  • Supply blocks, unpowered buildings, or Contaminate may cause inaccurate times.
  • Supply counts are checked every 10 seconds.